AoeStats
← Be Quyen

Nomad

504379968Analyzed
4v4 RM · 2mo ago on Sep 5, 2026· 32m 48s· 8 players
Game mode
Random Map
Map size
231×231
Population
200
Speed
Normal
Resources
Standard
Victory
Conquest
Starting age
Dark Age
Ending age
Imperial Age
RankedLock teamsTeams togetherTeam positionsShared explorationLock speedFull tech treeHidden civsTurbo modeCheats
Victory
Defeat
🇲🇽 Jurchens · Mexico
2047
+3
🇺🇸 Portuguese · United States
1940
+5
🇦🇷 Goths · Argentina
1776
+9
🇵🇪 Aztecs · Peru
1758
+9
vs
🇺🇸 Burmese · United States
1693
-8
🇻🇳 Dravidians · Vietnam
1686
-8
🇧🇷 Gurjaras · Brazil
1608
-6
🇻🇳 Celts · Vietnam
1551
-4
Momumez
12:20 Feudal Age
13:06 Loom
15:02 Fletching
20:51 Castle Age
28:28 Horse Collar
29:27 Redemption
30:04 Sanctity
ChangT
4:47 Loom
13:17 Feudal Age
13:55 Double-Bit Axe
18:37 Castle Age
16:56 Fishing Lines
17:48 Gold Mining
19:33 Medium Warships
19:46 Bow Saw
20:42 Wheelbarrow
21:53 Town Watch
23:14 Forging
23:47 Scale Mail Armor
23:21 Man-at-Arms
24:05 Gambesons
24:20 Squires
25:27 Pikeman
27:39 Long Swordsman
29:16 Chain Mail Armor
29:39 Hand Cart
Be Quyen
9:27 Loom
11:28 Feudal Age
12:21 Double-Bit Axe
18:53 Castle Age
30:05 Horse Collar
31:56 Bow Saw
32:35 Heavy Plow
33:20 Wheelbarrow
Fs.churacoRS
13:13 Feudal Age
16:59 Castle Age
16:03 Loom
17:58 Medium Warships
18:40 Double-Bit Axe
20:58 Bow Saw
23:23 Wheelbarrow
24:19 Fletching
26:31 Bodkin Arrow
27:39 Man-at-Arms
develement
11:23 Feudal Age
11:59 Double-Bit Axe
14:26 Fletching
17:41 Fishing Lines
18:28 Loom
23:19 Castle Age
21:34 Gold Mining
24:11 Medium Warships
23:52 Gillnets
24:13 Bow Saw
23:59 Bodkin Arrow
25:19 Wheelbarrow
25:38 Town Watch
26:56 Hand Cart
31:31 Imperial Age
31:58 Capped Ram
Christine
5:43 Loom
13:25 Feudal Age
17:23 Castle Age
20:51 Forging
22:04 Scale Mail Armor
26:06 Eagle Warrior
26:58 Double-Bit Axe
27:58 Horse Collar
29:40 Heavy Plow
30:04 Bow Saw
30:59 Iron Casting
31:38 Wheelbarrow
32:20 Hand Cart
33:21 Chain Mail Armor
32:59 Arson
33:14 Squires
VL Aveee
4:47 Loom
4:52 Loom
13:44 Feudal Age
17:20 Castle Age
17:36 Double-Bit Axe
18:15 Town Watch
19:26 Bow Saw
19:25 Scale Mail Armor
23:46 Chain Mail Armor
25:52 Horse Collar
EnvyZ
10:56 Loom
13:48 Feudal Age
17:41 Castle Age
17:38 Fishing Lines
18:43 Medium Warships
23:45 Horse Collar
24:50 Double-Bit Axe
26:40 Scale Barding Armor
Connection lost

Rejoining the realm…

Still unreachable

The connection could not be restored.

Session expired

The server has moved on; the page needs a fresh start.